 Dungeon Crawl Stone Soup version 0.19-a0-1670-gc28a5d9 (webtiles) character file.

21 Musica the Ogre Mage (level 2, -1/27 HPs)
             Began as an Ogre Fire Elementalist on Sept 22, 2016.
             Slain by a leopard gecko (4 damage)
             ... on level 1 of the Dungeon.
             The game lasted 00:06:04 (1536 turns).

Musica the Ogre Mage (Ogre Fire Elementalist)       Turns: 1536, Time: 00:06:04

Health: -1/27      AC:  3    Str: 12    XL:     2   Next: 87%
Magic:  5/5        EV: 10    Int: 14    God:
Gold:   62         SH:  0    Dex: 10    Spells: 1 memorised, 5 levels left

rFire  . . .     SeeInvis .     j - +0 flail
rCold  . . .     Gourm    .     a - +0 robe
rNeg   . . .     Faith    .     (no shield)
rPois  .         Spirit   .     (helmet restricted)
rElec  .         Dismiss  .     (no cloak)
rCorr  .         Reflect  .     (gloves unavailable)
MR     .....     Harm     .     (boots unavailable)
Stlth  +.........               f - amulet of magic regeneration
                                (no ring)
                                (no ring)

@: no status effects
A: unfitting armour, tough skin 1
a: no special abilities


You were on level 1 of the Dungeon.
You were not hungry.

You visited 1 branch of the dungeon, and saw 3 of its levels.

You collected 62 gold pieces.

Inventory:

Hand Weapons
 j - a +0 flail (weapon)
Armour
 a - a +0 robe (worn)
Jewellery
 f - an amulet of magic regeneration (around neck)
 k - an uncursed amulet of rage
Potions
 d - a potion of brilliance
 e - a potion of berserk rage {unknown}
 g - a potion of resistance {unknown}
 i - a potion of mutation {unknown}
Books
 b - a book of Flames

   Spells                             Type                      Level
   a - Flame Tongue                   Conjuration/Fire             1
   b - Throw Flame                    Conjuration/Fire             2
   c - Conjure Flame                  Conjuration/Fire             3
   d - Inner Flame                    Hexes/Fire                   3
   e - Sticky Flame                   Conjuration/Fire             4
   f - Fireball                       Conjuration/Fire             5


   Skills:
 + Level 1.0 Fighting
 - Level 1.7 Dodging
 - Level 1.5 Stealth
 + Level 2.8 Spellcasting
 * Level 0.7 Conjurations
 + Level 2.6 Fire Magic


You had 5 spell levels left.
You knew the following spells:

 Your Spells              Type           Power        Failure   Level  Hunger
a - Flame Tongue          Conj/Fire      #....        14%         1    #......


Dungeon Overview and Level Annotations

Branches:
Dungeon (3/15)

Altars:
Ashenzari


Innate Abilities, Weirdness & Mutations

You are too large for most types of armour.
You have tough skin. (AC +1)


Message History

The kobold hits you but does no damage. The kobold barely misses you.
You hit the kobold.
You kill the kobold!
Things that are here:
an enchanted dagger; a +0 dagger; a kobold corpse You start eating the bread ration.
You continue eating. x2
You finish eating.
That bread ration really hit the spot!
A leopard gecko comes into view.
The leopard gecko hisses angrily.
The leopard gecko closely misses you.
The leopard gecko hisses menacingly.
The leopard gecko bites you.
* * * LOW HITPOINT WARNING * * *
You are too injured to fight recklessly!
You are too injured to fight recklessly!
You are too injured to fight recklessly!
A leopard gecko is nearby!
You closely miss the leopard gecko. The leopard gecko bites you.
You die...

############.####.(#..#...
#..........#.# #.##...#..
#............# #.##...#..
#..........### #.####....
##♣#♣#♣.♣.♣.♣...# ####.# #....
#...............# #....# #.#.(
#.♣#♣#♣.♣.♣.♣)..###.#### #.#..
#.............l..>..#######....
#######........@.............)>.
#...###..........#........##..#.
##....#............######.##..##
#..................# #.##.###
####.##.###.....###.# #....###
#.##.##.#.......# #.# ###.....
#.##.##...####..# #.# ##..##.
#.##......# ##.###.######...###
#.##.....## ##.)##..........###


You could see a leopard gecko.

Vanquished Creatures
  A leopard gecko (D:1)
  3 giant cockroaches (D:1)
  2 goblins
  A hobgoblin (D:1)
  3 jackals
  2 bats (D:1)
  A frilled lizard (D:1)
  3 kobolds
  2 rats (D:1)
18 creatures vanquished.

Notes
Turn   | Place    | Note
-------+----------+-------------------------------------------
     0 | D:1      | Musica the Ogre Fire Elementalist began the quest for the Orb.
     0 | D:1      | Reached XP level 1. HP: 16/16 MP: 3/3
   324 | D:2      | Found a shattered altar of Ashenzari.
   565 | D:1      | Reached XP level 2. HP: 17/24 MP: 0/5
   957 | D:1      | Reached skill level 1 in Fighting
  1536 | D:1      | Slain by a leopard gecko

Vault maps used:
D:1:      minmay_arrival_four_circles, serial_forest,
          infiniplex_forest_lined_room_3, infiniplex_forest_zigzag_1,
          infiniplex_forest_lined_3, infiniplex_forest_straight_5,
          infiniplex_forest_straight_2, infiniplex_forest_clump_long,
          infiniplex_forest_clump_curved, infiniplex_forest_lined_room_
D:2:      overflow_temple_1_default, nicolae_overflow_crystal_walls
D:3:      vehumet_crystals, gammafunk_temple_overflow_pools,
          nrook_loot_triangle, uniq_iyjb

Skill      XL: |  1  2 |
---------------+-------+-----
Fighting       | 1 |  1.0
Dodging        | |  1.7
Stealth        | |  1.5
Spellcasting   | |  2.8
Conjurations   | |  0.7
Fire Magic     | |  2.6

Action                   || total
-------------------------++-------
Melee: Unarmed           ||     9
       Dagger            ||     2
       Club              ||    53
       Flail             ||    10
 Cast: Flame Tongue      ||    19
  Use: Scroll            ||     3
  Eat: Bread ration      ||     1
       Chunk             ||     1
Armor: Robe              ||    32
Dodge: Dodged            ||    77
